 Dungeon Crawl Stone Soup version 0.28.0 (console) character file.

Game seed: 13309286105132841434

375 ryathie the Skirmisher (level 6, -1/54 HPs)
             Began as a Palentonga Fighter on Feb 13, 2022.
             Killed from afar by Ijyb (15 damage)
             ... with a bolt of acid
             ... on level 4 of the Dungeon.
             The game lasted 00:05:52 (3746 turns).

ryathie the Skirmisher (Palentonga Fighter)         Turns: 3746, Time: 00:05:53

Health: -1/54      AC:  7    Str: 21    XL:     6   Next: 44%
Magic:  6/6        EV:  7    Int:  9    God:
Gold:   95         SH:  9    Dex:  9    Spells: 5/5 levels left

rFire   . . .      SeeInvis +   a - +0 war axe
rCold   . . .      Faith    .   c - +0 buckler
rNeg    . . .      Spirit   .   b - +0 scale mail
rPois   .          Reflect  +   (no helmet)
rElec   .          Harm     .   (no cloak)
rCorr   .          Rampage  .   i - +0 pair of gloves
Will    .....                   (no barding)
Stlth   ..........              v - amulet of reflection
HPRegen 0.18/turn               (no ring)
MPRegen 0.10/turn               (no ring)

@: no status effects
A: large, rugged brown scales 3, see invisible, deformed body, roll 1, armoured
tail
a: Rolling Charge


You were on level 4 of the Dungeon.
You visited 1 branch of the dungeon, and saw 4 of its levels.

You collected 95 gold pieces.

Inventory:

Hand Weapons
 a - a +0 war axe (weapon)
 o - a +0 falchion
Missiles
 p - 5 poisoned darts (quivered)
Armour
 b - a +0 scale mail (worn)
 c - a +0 buckler (worn)
 i - a +0 pair of gloves (worn)
Jewellery
 u - the ring "Xumpy" {Ice Str+3}
   (You found it on level 4 of the Dungeon)

   [ring of ice]

   It enhances your ice magic.
   Str:       It affects your strength (+3).
   rF:        It makes you vulnerable to fire.
   rC:        It protects you from cold.
 v - an amulet of reflection (around neck)
Scrolls
 e - a scroll of blinking {unknown}
 f - 2 scrolls of teleportation {unknown}
 h - a scroll of enchant armour {unknown}
 j - 2 scrolls of fog {unknown}
 k - a scroll of identify
 m - a scroll of immolation {unknown}
 n - 2 scrolls of brand weapon {unknown}
 q - a scroll of fear {unknown}
 s - a scroll of noise {unknown}
Potions
 d - 2 potions of might
 g - a potion of curing
 l - a potion of attraction
 r - a potion of invisibility
 t - 2 potions of heal wounds


   Skills:
 + Level 5.4 Fighting
 + Level 2.2 Long Blades
 - Level 3.0 Axes
 - Level 2.0 Throwing
 - Level 2.4 Armour
 + Level 2.8 Shields


You had 5 spell levels left.
You didn't know any spells.
Your spell library was empty.

Dungeon Overview and Level Annotations

Branches:
Dungeon (4/15)
 Temple: D:4-7

Altars:

Shops:
D:2 (

Annotations:
D:2 1 runed translucent door, Sigmund
D:4 Ijyb


Innate Abilities, Weirdness & Mutations

You are completely covered in rugged brown scales. (AC +3, +7% HP)
You have supernaturally acute eyesight. (SInv)
Armour fits poorly on your strangely shaped body.
You can roll at nearby foes to attack.
You have a long armoured tail.


Message History

You barely miss the orc priest. You hit the orc.
The orc priest hits you with a +0 club. The orc hits you with a +0 hand axe.
You barely miss the orc priest. You hit the orc.
You kill the orc!
You block the orc priest's attack.
The orc priest hits you but does no damage.
You slash the orc priest!
The orc priest is heavily wounded.
The orc priest hits you but does no damage.
You slash the orc priest!
You kill the orc priest!
Things that are here:
a +0 club; a +0 leather armour; an orc corpse
Things that are here:
a +0 hand axe; an orc corpse
Things that are here:
a +0 hand axe; an orc corpse Ijyb shouts!
Ijyb is nearby!
Roll where?
Press: ? - help, Dir - move target, f - Ijyb
Aim: Ijyb, wielding a +0 club, wearing a +0 leather armour and carrying a wand of acid (3)
You roll forward with a clatter of scales!
You closely miss Ijyb. Ijyb barely misses you.
You barely miss Ijyb. You tail-slap Ijyb.
Ijyb is lightly wounded.
You block Ijyb's attack.
You closely miss Ijyb. You tail-slap Ijyb!
Ijyb is heavily wounded.
Ijyb zaps a wand.
The bolt of acid hits you!!!
Ouch! That really hurt!
Ijyb hits you with a +0 club.
* * * LOW HITPOINT WARNING * * *
You hit Ijyb.
Ijyb is severely wounded.
You block Ijyb's attack.
You hit Ijyb. You tail-slap Ijyb, but do no damage.
Ijyb is almost dead.
Ijyb hits you but does no damage.
Ijyb zaps a wand.
The bolt of acid hits you!
You die...

# #.#.# #.# #.####...# # #.#.#
#.# #.# ###.# # #.#.#### #.#
###.# #.# # #......#
###.###...#### #.# # ###.##.#
#............# #.# # #.##.#
#.#.###.####.# #.# #
#>##.###.#.###.## #.# #.# #
#.......#..)..#.# #.# #.# #
########@#####.## #.# #.# # #g#
#.# #.# #.# ########## ##.##
#.####.###.#
.........######.).####..........#
########.....).........####.#####
########...###### #.# ##.## #.#
#.##########.# #............#


You could see Ijyb.

Vanquished Creatures
  A water moccasin skeleton (D:4)
  2 orc priests
  Terence (D:2)
  An iguana (D:4)
  Natasha (D:4)
  3 orc wizards
  3 adders
  An adder skeleton (D:4)
  5 dart slugs
  10 orcs
  8 endoplasms
  2 giant cockroaches
  8 goblins
  7 hobgoblins
  5 kobolds
  A quokka (D:1)
  3 ball pythons
  3 bats
  A frilled lizard (D:2)
  A jackal skeleton (D:4)
  A quokka skeleton (D:4)
  5 rats
73 creatures vanquished.

Notes
Turn   | Place    | Note
-------+----------+-------------------------------------------
     0 | D:1      | ryathie the Palentonga Fighter began the quest for the Orb.
     0 | D:1      | Reached XP level 1. HP: 19/19 MP: 1/1
   277 | D:1      | Reached XP level 2. HP: 25/25 MP: 2/2
   514 | D:1      | Reached XP level 3. HP: 28/32 MP: 3/3
   823 | D:2      | Noticed Terence
  1168 | D:2      | Noticed Sigmund
  1340 | D:2      | Found Qeacusel's Weapon Shop.
  1404 | D:2      | Found a runed translucent door.
  1640 | D:2      | Reached skill level 4 in Fighting
  1640 | D:2      | Reached XP level 4. HP: 23/39 MP: 4/4
  1707 | D:2      | Killed Terence
  1708 | D:2      | Reached skill level 1 in Throwing
  2315 | D:3      | HP: 2/40 [orc priest/divine providence (13)]
  2318 | D:3      | Reached XP level 5. HP: 11/46 MP: 5/5
  2701 | D:4      | Identified the ring "Xumpy" {Ice Str+3}
  2759 | D:4      | Noticed Natasha
  2776 | D:4      | Killed Natasha
  2920 | D:4      | Reached skill level 5 in Fighting
  2920 | D:4      | Reached skill level 1 in Long Blades
  2959 | D:4      | Noticed Ijyb
  3275 | D:4      | Reached XP level 6. HP: 25/54 MP: 6/6
  3746 | D:4      | Killed from afar by Ijyb

Illustrated notes

Levels and vault maps discovered:
D:1:      elethiomel_arrival_maze, layout_basic
D:2:      layout_basic, ebering_ecumenical_altar_hall, serial_shops,
          nicolae_shop_bloodbath_and_beyond, uniq_sigmund,
          uniq_crazy_yiuf_cottage, uniq_terence
D:3:      layout_rooms
D:4:      layout_loops_ring, kennysheep_nub, uniq_natasha, uniq_ijyb

Skill      XL: |  1  2  3  4  5  6 |
---------------+-------------------+-----
Axes           | 3 |  3.0
Fighting       | 4 5 |  5.4
Throwing       | 1 2 |  2.0
Long Blades    | 1 2 |  2.2
Armour         | |  2.4
Shields        | |  2.8

Action                   |  1- 3 |  4- 6 || total
-------------------------+-------+-------++-------
Melee: War axe           |    73 |   107 ||   180
       Tailslap          |     4 |    15 ||    19
Throw: Dart              |       |    12 ||    12
 Abil: Rolling Charge    |    18 |    17 ||    35
  Use: Potion            |       |     1 ||     1
       Scroll            |       |     3 ||     3
Armor: Scale mail        |    35 |    44 ||    79
Dodge: Dodged            |    27 |    22 ||    49
Block: Buckler           |    16 |    33 ||    49
